 Dungeon Crawl Stone Soup version 0.22-a0-135-g6f012ad52b (webtiles) character file.

11981 MrRokkomies the Covert (level 11, -10/80 HPs)
             Began as a Vampire Enchanter on Feb 1, 2018.
             Was an Elder of Kikubaaqudgha.
             Mangled by a komodo dragon (28 damage)
             ... on level 10 of the Dungeon.
             The game lasted 00:31:05 (11424 turns).

MrRokkomies the Covert (Vampire Enchanter)         Turns: 11424, Time: 00:31:05

Health: -10/80     AC: 11    Str:  5    XL:     11   Next: 56%
Magic:  8/18       EV: 16    Int: 21    God:    Kikubaaqudgha [****..]
Gold:   585        SH:  0    Dex: 27    Spells: 5/20 levels left

rFire    . . .     SeeInvis +   a - +2 dagger (elec)
rCold    . . .     Gourm    .   (no shield)
rNeg     + . .     Faith    .   T - +0 acid dragon scales
rPois    .         Spirit   .   (no helmet)
rElec    .         Reflect  .   f - +1 cloak
rCorr    +         Harm     .   y - +2 pair of gloves (curse)
MR       +....                  (no boots)
Stlth    +++++.....             (no amulet)
HPRegen  0.23/turn              R - ring "Logair" {rCorr +Fly Str-3 Dex+8 SInv}
MPRegen  0.16/turn              u - +5 ring of dexterity

@: lethally poisoned (-10 -> -10), very slightly contaminated
A: fangs 3, see invisible, unbreathing
a: Bat Form, Receive Corpses, Renounce Religion, Evoke Flight


You were on level 10 of the Dungeon.
You worshipped Kikubaaqudgha.
Kikubaaqudgha was greatly pleased with you.
You were not thirsty.

You visited 2 branches of the dungeon, and saw 11 of its levels.
You also visited: Ossuary.

You collected 585 gold pieces.

Inventory:

Hand Weapons
 a - a +2 dagger of electrocution (weapon)
 g - a +1 dagger
 t - a +0 shortbow
 w - a +4 long sword of freezing
 B - a +0 falchion of flaming
 Q - a +0 blowgun
Missiles
 C - 7 javelins (quivered)
 M - 166 arrows
 P - 21 poisoned needles
Armour
 f - a +1 cloak (worn)
 k - a +2 robe of magic resistance
 y - a cursed +2 pair of gloves (worn)
 G - +0 steam dragon scales
 T - +0 acid dragon scales (worn)
Jewellery
 i - an uncursed ring of protection from fire
 r - an uncursed ring of ice
 u - a +5 ring of dexterity (right hand)
 R - the ring "Logair" (left hand) {rCorr +Fly Str-3 Dex+8 SInv}
   (You found it on level 8 of the Dungeon)

   [ring of resist corrosion]

   It affects your strength (-3).
   It affects your dexterity (+8).
   It lets you see invisible.
   It lets you fly.
Wands
 q - a wand of acid (8)
 N - a wand of digging (13)
Scrolls
 n - 2 scrolls of magic mapping
 o - 3 scrolls of fog
 x - 4 scrolls of remove curse
 I - 2 scrolls of amnesia
 J - 2 scrolls of immolation
 L - a scroll of blinking
 U - a scroll of teleportation {unknown}
 V - a scroll of enchant weapon {unknown}
Potions
 d - 3 potions of curing
 h - 5 potions of flight
 j - 4 potions of berserk rage
 l - 3 potions of magic
 m - 2 potions of heal wounds
 p - 3 potions of haste
 v - 2 potions of invisibility
 z - a potion of brilliance
 A - a potion of cancellation
 D - a potion of might
 H - 6 potions of blood
 S - 2 potions of ambrosia {unknown}
Books
 b - a book of Misfortune

   Spells                             Type                      Level
   a - Confusing Touch                Hexes                        1
   b - Confuse                        Hexes                        3
   c - Gell's Gravitas                Translocation                3
   d - Petrify                        Transmutation/Earth          4
   e - Metabolic Englaciation         Hexes/Ice                    5
   f - Yara's Violent Unravelling     Hexes/Transmutation          5
 c - a book of Maledictions

   Spells                             Type                      Level
   a - Corona                         Hexes                        1
   b - Ensorcelled Hibernation        Hexes/Ice                    2
   c - Confuse                        Hexes                        3
   d - Tukima's Dance                 Hexes                        3
   e - Dazzling Spray                 Conjuration/Hexes            3
 e - Kikubaaqudgha's Compendium of Evil Secrets
   (Kikubaaqudgha gifted it to you on level 7 of the Dungeon)

   Spells                             Type                      Level
   a - Pain                           Necromancy                   1
   b - Corpse Rot                     Necromancy                   2
   c - Sublimation of Blood           Necromancy                   2
   d - Vampiric Draining              Necromancy                   3
 s - a Young Poisoner's Handbook

   Spells                             Type                      Level
   a - Sting                          Conjuration/Poison           1
   b - Poisonous Vapours              Poison/Air                   2
   c - Mephitic Cloud                 Conjuration/Poison/Air       3
   d - Olgreb's Toxic Radiance        Poison                       4
   e - Venom Bolt                     Conjuration/Poison           5
 E - a book of Flames

   Spells                             Type                      Level
   a - Flame Tongue                   Conjuration/Fire             1
   b - Throw Flame                    Conjuration/Fire             2
   c - Conjure Flame                  Conjuration/Fire             3
   d - Inner Flame                    Hexes/Fire                   3
   e - Sticky Flame                   Conjuration/Fire             4
   f - Fireball                       Conjuration/Fire             5
 F - the Tome of Translocation and Shape Shifting
   (You found it on level 7 of the Dungeon)

   Spells                             Type                      Level
   a - Shroud of Golubria             Charms/Translocation         2
   b - Lesser Beckoning               Translocation                3
   c - Teleport Other                 Translocation                3
   d - Ice Form                       Ice/Transmutation            4
   e - Alistair's Intoxication        Transmutation/Poison         5
 K - a book of Annihilations

   Spells                             Type                      Level
   a - Poison Arrow                   Conjuration/Poison           6
   b - Chain Lightning                Conjuration/Air              8
   c - Lehudib's Crystal Spear        Conjuration/Earth            8
   d - Glaciate                       Conjuration/Ice              9
   e - Fire Storm                     Conjuration/Fire             9
 O - Kikubaaqudgha's Catalogue of Darkness
   (Kikubaaqudgha gifted it to you on level 8 of the Dungeon)

   Spells                             Type                      Level
   a - Animate Dead                   Necromancy                   4
   b - Excruciating Wounds            Charms/Necromancy            5
   c - Bolt of Draining               Conjuration/Necromancy       5
   d - Agony                          Necromancy                   5
   e - Dispel Undead                  Necromancy                   5


   Skills:
 - Level 5.3 Fighting
 - Level 9.0(10.6) Short Blades
 * Level 8.3(9.8) Long Blades
 - Level 7.1 Dodging
 - Level 10.0 Stealth
 - Level 5.2 Spellcasting
 - Level 8.0 Hexes
 * Level 8.0 Necromancy


You had 5 spell levels left.
You knew the following spells:

 Your Spells              Type           Power        Failure   Level  Hunger
a - Dazzling Spray        Conj/Hex       ###...       14%         3    ##.....
b - Ensorcelled Hibernat  Hex/Ice        ###...       7%          2    None
c - Confuse               Hex            #####...     2%          3    ##.....
d - Tukima's Dance        Hex            #####...     2%          3    ##.....
e - Animate Dead          Necr           N/A          9%          4    ####...


Dungeon Overview and Level Annotations

Branches:
Dungeon (10/15)            Temple (1/1) D:6            Lair (0/6) D:10
    Orc (0/2) D:9

Altars:
Ashenzari
Cheibriados
Dithmenos
Elyvilon
Fedhas
Gozag
Hepliaklqana
Kikubaaqudgha
Makhleb
Nemelex Xobeh
Okawaru
Qazlal
Ru
Sif Muna
Trog
Uskayaw
Vehumet
Wu Jian
Xom
Yredelemnul
Zin
The Shining One


Innate Abilities, Weirdness & Mutations

You have razor-sharp teeth.
You have supernaturally acute eyesight. (SInv)
You can survive without breathing.


Message History

You miscast Ensorcelled Hibernation.
You are very lightly contaminated with residual magic.
You feel off-balance for a moment.
The komodo dragon bites you but does no damage.
Casting: Ensorcelled Hibernation (safe; 7% risk of failure)
Confirm with . or Enter, or press ? or * to list all spells.
Aiming: Ensorcelled Hibernation (safe; 7% risk of failure)
Press: ? - help, Shift-Dir - straight line, f/p - komodo dragon
Aim: a komodo dragon (lightly wounded, chance to defeat MR: 34%)
The komodo dragon easily resists.
You feel sick. The komodo dragon bites you!!
* * * LOW HITPOINT WARNING * * *
Casting: Ensorcelled Hibernation (safe; 7% risk of failure)
Confirm with . or Enter, or press ? or * to list all spells.
Aiming: Confuse (safe; 2% risk of failure)
Press: ? - help, Shift-Dir - straight line, f/p - komodo dragon
Aim: a komodo dragon (lightly wounded, chance to defeat MR: 50%)
The komodo dragon resists with some effort.
The komodo dragon bites you!!
You die...
Kikubaaqudgha rasps: "You have failed me!
Welcome... oblivion!"

### #.. #. ... #
#. #.# .# #.
#.###.### #.
#l....... #.
#@....### #.
#........
#.###).##....
#####
#.........###
#...#######...####
#.#........>..#
#...#######.#...#
##.## #.#...# #.#
#.......


You could see a komodo dragon.

Vanquished Creatures
  A hydra (D:8)
  A centaur warrior (D:8)
  2 two-headed ogres
  Pikel (D:7)
  Joseph (D:8)
  A centaur zombie (D:10)
  2 trolls (D:9)
  2 dream sheep (D:8)
  Sigmund (D:2)
  A hippogriff (D:9)
  A shadow (D:8)
  A wraith (D:10)
  6 yaks
  2 wyverns
  Eustachio (D:4)
  A steam dragon (D:9)
  Menkaure (D:7)
  A soldier ant (D:10)
  An acid dragon (D:10)
  A water moccasin (D:7)
  2 orc warriors (D:7)
  2 sky beasts
  2 ice beasts
  A phantom (D:4)
  2 ogres
  5 crocodiles
  A necrophage (D:9)
  6 centaurs
  5 big kobolds
  7 bullfrogs
  A gnoll sergeant (D:6)
  5 water moccasin zombies (Ossuary)
  A scorpion (D:9)
  3 killer bees (D:9)
  5 howler monkeys
  4 crimson imps
  A gnoll shaman (D:8)
  2 bullfrog zombies
  4 jellies
  5 orc priests
  3 hounds
  12 orc wizards
  2 centaur skeletons
  An iguana (D:8)
  8 worker ants
  3 big kobold zombies (Ossuary)
  2 hound skeletons
  A hound zombie (D:9)
  2 mummies (Ossuary)
  A howler monkey zombie (D:8)
  A howler monkey skeleton (D:4)
  7 gnolls
  12 adders
  5 shadow imps
  An ooze (D:7)
  2 adder zombies (Ossuary)
  An adder skeleton (D:9)
  2 worms
  2 dart slugs
  7 leopard geckos
  34 orcs
  6 giant cockroaches
  2 gnoll zombies (Ossuary)
  3 goblins (D:3)
  7 hobgoblins
  9 jackals
  17 kobolds
  6 quokkas
  2 ball pythons
  9 bats
  6 frilled lizards
  4 hobgoblin zombies (Ossuary)
  A jackal skeleton (D:7)
  6 kobold zombies (Ossuary)
  3 orc zombies (Ossuary)
  2 quokka skeletons
  9 rats
294 creatures vanquished.

Vanquished Creatures (collateral kills)
  An orc warrior (D:9)
  An orc wizard (D:4)
  2 gnolls (D:6)
  4 orcs
  A quokka (D:4)
  A kobold (D:10)
10 creatures vanquished.

Vanquished Creatures (others)
  3 dancing weapons
  A hound (D:7)
  An adder skeleton (D:7)
  6 orcs (D:7)
11 creatures vanquished.

Grand Total: 315 creatures vanquished

Notes
Turn   | Place    | Note
-------+----------+-------------------------------------------
     0 | D:1      | MrRokkomies the Vampire Enchanter began the quest for the Orb.
     0 | D:1      | Reached XP level 1. HP: 13/13 MP: 3/3
   509 | D:1      | Reached XP level 2. HP: 19/19 MP: 5/5
   520 | D:1      | Learned a level 2 spell: Ensorcelled Hibernation
   766 | D:1      | Reached skill level 5 in Hexes
  1596 | D:2      | Reached XP level 3. HP: 21/24 MP: 6/6
  2026 | D:2      | Noticed Sigmund
  2036 | D:2      | Killed Sigmund
  2036 | D:2      | Reached XP level 4. HP: 30/30 MP: 4/7
  2036 | D:2      | Reached XP level 5. HP: 35/35 MP: 4/8
  2077 | D:2      | Found a sacrificial altar of Ru.
  2275 | D:2      | Reached XP level 6. HP: 41/41 MP: 9/9
  2432 | D:3      | Found a faded altar of an unknown god.
  2445 | D:3      | Found a radiant altar of Vehumet.
  2449 | D:3      | Found a stormy altar of Qazlal.
  2449 | D:3      | Found a shadowy altar of Dithmenos.
  2757 | D:3      | Learned a level 3 spell: Confuse
  2761 | D:3      | Learned a level 3 spell: Tukima's Dance
  2895 | D:4      | Reached skill level 5 in Short Blades
  2930 | D:4      | Reached skill level 5 in Stealth
  3402 | D:4      | Reached skill level 6 in Stealth
  3402 | D:4      | Reached XP level 7. HP: 35/46 MP: 6/10
  3703 | D:4      | Noticed Eustachio
  3730 | D:4      | Killed Eustachio
  3730 | D:4      | Reached skill level 7 in Stealth
  4043 | D:4      | Reached skill level 8 in Stealth
  4140 | D:5      | Entered Level 5 of the Dungeon
  4200 | D:5      | Reached XP level 8. HP: 52/52 MP: 7/11
  4342 | D:5      | Reached skill level 9 in Stealth
  4517 | D:5      | Got a crude ring mail
  4528 | D:5      | Identified the +1 ring mail of Kindness {-Tele rPois Int+2} (You found it on level 5 of the Dungeon)
  4900 | D:5      | Found a hazy altar of Hepliaklqana.
  4905 | D:5      | Learned a level 3 spell: Dazzling Spray
  5271 | D:6      | Reached skill level 10 in Stealth
  5347 | D:6      | Reached skill level 1 in Fighting
  5350 | D:6      | Found a staircase to the Ecumenical Temple.
  5356 | Temple   | Entered the Ecumenical Temple
  5384 | Temple   | Became a worshipper of Kikubaaqudgha
  5636 | D:6      | Found an ornate altar of the Wu Jian Council.
  5641 | D:6      | Found a shimmering altar of Xom.
  5808 | D:6      | Found a bloodstained altar of Trog.
  6183 | D:7      | Noticed Pikel
  6192 | D:7      | Killed Pikel
  6192 | D:7      | Reached * piety under Kikubaaqudgha
  6192 | D:7      | Identified Kikubaaqudgha's Compendium of Evil Secrets (Kikubaaqudgha gifted it to you on level 7 of the Dungeon)
  6192 | D:7      | Received a gift from Kikubaaqudgha
  6192 | D:7      | Reached XP level 9. HP: 44/65 MP: 12/12
  6241 | D:7      | Found a radiant altar of Vehumet.
  6263 | D:7      | Identified the Tome of Translocation and Shape Shifting
  6268 | D:7      | Found a sand-covered staircase.
  6277 | Ossuary  | Entered an ossuary
  7185 | Ossuary  | Reached skill level 5 in Dodging
  7298 | D:7      | Reached ** piety under Kikubaaqudgha
  7300 | D:7      | Reached skill level 5 in Fighting
  7877 | D:7      | Noticed Menkaure
  7884 | D:7      | Killed Menkaure
  8194 | D:8      | Found a large runed door.
  8197 | D:8      | Found a large runed door.
  8224 | D:8      | Found a large runed door.
  8224 | D:8      | Found a large runed door.
  8227 | D:8      | Reached XP level 10. HP: 74/74 MP: 15/15
  8519 | D:8      | Reached skill level 1 in Long Blades
  8824 | D:8      | Noticed Joseph
  8830 | D:8      | Killed Joseph
  8918 | D:8      | Reached *** piety under Kikubaaqudgha
  8918 | D:8      | Identified Kikubaaqudgha's Catalogue of Darkness (Kikubaaqudgha gifted it to you on level 8 of the Dungeon)
  8918 | D:8      | Received a gift from Kikubaaqudgha
  9045 | D:8      | Noticed a two-headed ogre
  9047 | D:8      | Killed a two-headed ogre
  9047 | D:8      | Reached skill level 5 in Spellcasting
  9053 | D:8      | Learned a level 4 spell: Animate Dead
  9056 | D:8      | Noticed a centaur warrior
  9075 | D:8      | Killed a centaur warrior
  9084 | D:8      | Got a scintillating jade ring
  9092 | D:8      | Identified the ring "Logair" {rCorr +Fly Str-3 Dex+8 SInv} (You found it on level 8 of the Dungeon)
  9404 | D:8      | Reached skill level 5 in Long Blades
  9421 | D:8      | Noticed a three-headed hydra
  9425 | D:8      | Killed a three-headed hydra
  9425 | D:8      | Reached skill level 5 in Necromancy
  9425 | D:8      | Reached XP level 11. HP: 80/80 MP: 18/18
  9765 | D:9      | Found a staircase to the Orcish Mines.
 10195 | D:9      | Reached **** piety under Kikubaaqudgha
 10482 | D:10     | Entered Level 10 of the Dungeon
 10584 | D:10     | Noticed a two-headed ogre
 10605 | D:10     | Killed a two-headed ogre
 10998 | D:10     | Found a staircase to the Lair.
 11424 | D:10     | Mangled by a komodo dragon

Vault maps used:
D:1:      lightli_arrival_lavapool, minmay_pentomino_z2
D:2:      nicolae_ru_the_path_less_chosen, first_ration, uniq_sigmund
D:3:      grunt_temple_overflow_open, chequers_ecumenical_altar_simple
D:4:      minmay_opposing_rooms, uniq_eustachio
D:5:      lemuel_crystal_altar
D:6:      lemuel_doored_altar, minitemple, minmay_temple_entry_hall
D:7:      enter_ossuary_1, basic_altar, serial_corexii_hall,
          corexii_hall_statues_x, corexii_hall_statues_l,
          corexii_hall_statues_i, corexii_hall_statues_i,
          corexii_hall_statues_x, corexii_hall_statues_i,
          minmay_misc_feat_nine_boxes, uniq_pikel, uniq_menkaure
D:8:      hangedman_ranch, minmay_hollow_rounded_squares, uniq_joseph
D:9:      orc_0_dummy
D:10:     erik_lair_dragon
Temple:   nicolae_temple_great_sept
Ossuary:  ossuary_tomb_2

Skill      XL: |  1  2  3  4  5  6  7  8  9 10 11 |
---------------+----------------------------------+-----
Short Blades   | 2 4 5 7 9 |  9.0
Hexes          | 5 7 8 |  8.0
Stealth        | 6 8 10 | 10.0
Fighting       | 4 5 |  5.3
Dodging        | 4 7 |  7.1
Spellcasting   | 3 5 |  5.2
Long Blades    | 6 8 |  8.3
Necromancy     | 5 8 |  8.0

Action                   |  1- 3 |  4- 6 |  7- 9 | 10-12 || total
-------------------------+-------+-------+-------+-------++-------
Melee: Dagger            |    40 |       |       |   199 ||   239
       Bite              |     5 |    10 |    42 |    53 ||   110
       Short sword       |    68 |   169 |   397 |   134 ||   768
       Long sword        |       |       |       |    30 ||    30
 Cast: Corona            |     3 |       |       |       ||     3
       Ensorcelled Hiber |    10 |     6 |    28 |    22 ||    66
       Confuse           |       |     2 |     5 |     5 ||    12
       Tukima's Dance    |       |     2 |     8 |     4 ||    14
       Animate Dead      |       |       |       |     1 ||     1
Evoke: Wand              |       |     1 |       |       ||     1
  Use: Scroll            |     3 |       |    16 |     6 ||    25
       Potion            |       |       |     1 |       ||     1
 Stab: Sleeping          |    20 |    11 |    52 |    43 ||   126
       Confused          |       |     2 |     5 |     5 ||    12
       Distracted        |       |     1 |     1 |     1 ||     3
  Eat: Corpse            |     2 |     3 |     9 |     6 ||    20
Armor: Robe              |    13 |    23 |    51 |    15 ||   102
       Steam dragon scal |       |       |       |    13 ||    13
       Acid dragon scale |       |       |       |    13 ||    13
Dodge: Dodged            |    64 |    64 |   162 |   190 ||   480
       Rpst.: Long sword |       |       |       |     9 ||     9

Table legend:
 A = Spawn XP
 B = Non-spawn XP
 C = Spawn XP percentage of total XP
 D = Spawn monster count
 E = Non-spawn monster count
 F = Spawn count percentage of total count
 G = Total turns spent on level
                    A         B        C        D         E        F      G
               +---------+---------+-------+---------+---------+-------+---------
         Total |       0 |   17116 |   0.0 |       0 |     304 |   0.0 | 11424
               +---------+---------+-------+---------+---------+-------+---------
           D:1 |       0 |      39 |   0.0 |       0 |      23 |   0.0 |  1583
           D:2 |       0 |     345 |   0.0 |       0 |      32 |   0.0 |   743
           D:3 |       0 |      34 |   0.0 |       0 |      18 |   0.0 |   468
           D:4 |       0 |     886 |   0.0 |       0 |      31 |   0.0 |  1346
           D:5 |       0 |     658 |   0.0 |       0 |      12 |   0.0 |  1096
           D:6 |       0 |     703 |   0.0 |       0 |      26 |   0.0 |   874
           D:7 |       0 |    2098 |   0.0 |       0 |      27 |   0.0 |  1056
           D:8 |       0 |    5779 |   0.0 |       0 |      39 |   0.0 |  1284
           D:9 |       0 |    3169 |   0.0 |       0 |      37 |   0.0 |  1010
          D:10 |       0 |    2880 |   0.0 |       0 |      32 |   0.0 |   942
       Ossuary |       0 |     525 |   0.0 |       0 |      27 |   0.0 |   983
               +---------+---------+-------+---------+---------+-------+---------
